 Dungeon Crawl Stone Soup version 0.28-a0-1159-g27aa881441 (webtiles) character file.

Game seed: 123972859783778896

0 ChaosChampion the Skirmisher (level 1, -2/18 HPs)
             Began as a Demonspawn Abyssal Knight on Dec 15, 2021.
             Was a Follower of Lugonu.
             Succumbed to a wolf spider's poison
             ... on level 1 of the Abyss.
             The game lasted 00:00:38 (172 turns).

ChaosChampion the Skirmisher (DsAK)                  Turns: 172, Time: 00:00:38

Health: -2/18      AC:  3    Str: 13    XL:     1   Next: 0%
Magic:  2/2        EV: 11    Int: 11    God:    Lugonu [*.....]
Gold:   5          SH:  0    Dex: 13    Spells: 0/0 levels left

rFire   . . .      SeeInvis .   a - +1 mace
rCold   . . .      Faith    .   (no shield)
rNeg    . . .      Spirit   .   b - +0 leather armour
rPois   .          Reflect  .   (no helmet)
rElec   .          Harm     .   (no cloak)
rCorr   .          Rampage  .   (no gloves)
Will    .....                   (no boots)
Stlth   +.........              (no amulet)
HPRegen 0.06/turn               (no ring)
MPRegen 0.08/turn               (no ring)

@: lethally poisoned (-2 -> -34)
A: no striking features
a: Renounce Religion, Depart the Abyss


You were on level 1 of the Abyss.
You worshipped Lugonu.
Lugonu was aware of your devotion.
You visited 0 branches of the dungeon, and saw 0 of its levels.
You visited the Abyss 1 time.

You collected 5 gold pieces.

Inventory:

Hand Weapons
 a - a +1 mace (weapon)
Armour
 b - a +0 leather armour (worn)
Scrolls
 c - a scroll of magic mapping {unknown}


   Skills:
 + Level 3.0 Fighting
 + Level 1.7 Maces & Flails
 + Level 1.7 Armour
 - Level 0.8 Dodging
 + Level 2.4 Invocations


You couldn't memorise any spells.
You didn't know any spells.
Your spell library was empty.

Dungeon Overview and Level Annotations

Branches:
Dungeon (0/15)

Altars:


Message History

Welcome, ChaosChampion the Demonspawn Abyssal Knight.
They say the Orb of Zot lies within this dungeon, but they say a lot of things.
Lugonu says: Depart the Abyss and spread corruption, my servant! (use the ability menu to exit the Abyss) Press ? for a list of commands and other information.
Found a corrupted altar of Lugonu.
Found a robe.
A dire elephant simulacrum comes into view.
A dire elephant simulacrum is nearby!
Found 5 gold pieces.
You now have 5 gold pieces.
A small abomination comes into view.
Found a scroll labelled YGE VEGONATWI.
You see here a scroll labelled YGE VEGONATWI.
You see here a scroll labelled YGE VEGONATWI.
c - a scroll labelled YGE VEGONATWI A tentacled starspawn comes into view.
An ice beast comes into view.
Unknown command.
Tentacles burst from the starspawn's body! 2 starspawn tentacles come into view.
A tentacled starspawn comes into view.
Tentacles burst from the starspawn's body! 2 starspawn tentacles come into view.
Tentacles burst from the starspawn's body!
A tentacle flies out from the starspawn's body! 3 starspawn tentacles come into view.
Tentacles burst from the starspawn's body! 2 starspawn tentacles come into view.
The worldbinder calls forth creatures from the Spider Nest!
Tentacles burst from the starspawn's body! 2 starspawn tentacles come into view.
The wolf spider hits you. The wolf spider bites you!
Ouch! That really hurt!
* * * LOW HITPOINT WARNING * * *
You are lethally poisoned!
The wolf spider poisons you!
You die...

# ## .# . ####..
.#....# # ##....##
#.## ##......#
..##.#@.# ##
.#s.#.##.
##.##.x.#...
#....s#.......
#..##.s##.###.....
#.##..#..###.## ..
#.Y##w## .# #. #.
#.w#X##### .. ##
#w ##w. .Y


You could see 2 wolf spiders, an orb spider (summoned), a worldbinder and an ice
beast.

Vanquished Creatures (others)
  12 starspawn tentacles (Abyss:1)
12 creatures vanquished.

Notes
Turn   | Place    | Note
-------+----------+-------------------------------------------
     0 | Abyss:1  | ChaosChampion the Demonspawn Abyssal Knight began the quest
                  | for the Orb.
     0 | Abyss:1  | Reached XP level 1. HP: 18/18 MP: 2/2
    76 | Abyss:1  | Noticed a dire elephant simulacrum
   120 | Abyss:1  | Noticed a small abomination
   141 | Abyss:1  | Noticed a tentacled starspawn
   141 | Abyss:1  | Noticed an ice beast
   153 | Abyss:1  | Noticed a tentacled starspawn
   167 | Abyss:1  | Noticed a worldbinder
   171 | Abyss:1  | Noticed a wolf spider
   171 | Abyss:1  | Noticed a wolf spider
   171 | Abyss:1  | Noticed an orb spider
   172 | Abyss:1  | Succumbed to a wolf spider's poison

Illustrated notes

Levels and vault maps discovered:
Abyss:1:  base: Temple, base:
Temple

Table legend: (Time is in decaauts)
 A = Elapsed time spent in this place.
 B = Non-inter-level travel time spent in this place.
 C = Inter-level travel time spent in this place.
 D = Time resting spent in this place.
 E = Time spent auto-exploring this place.
 F = Levels seen in this place.
 G = Mean time per level.
                   A        B        C        D        E       F      G
               +--------+--------+--------+--------+--------+-----+--------+
         Total |    172 |    172 |      0 |      0 |     75 |   1 |  172.0 |
         Abyss |    172 |    172 |      0 |      0 |     75 |   1 |  172.0 |
               +--------+--------+--------+--------+--------+-----+--------+

Top non-repeatable levels by time:
 Abyss:1: 172 daAuts
